 Dungeon Crawl Stone Soup version 0.30-a0-137-gd8773701ce (webtiles) character file.

Game seed: 4166816957145696344

84 jimonade the Shooter (level 4, 0/29 HPs)
             Began as an Octopode Hunter on Sept 21, 2022.
             Succumbed to an adder's poison
             ... on level 3 of the Dungeon.
             The game lasted 00:02:20 (2380 turns).

jimonade the Shooter (Octopode Hunter)              Turns: 2380, Time: 00:02:21

Health: 0/29       AC:  1    Str: 10    XL:     4   Next: 46%
Magic:  4/4        EV: 13    Int: 11    God:
Gold:   121        SH:  0    Dex: 17    Spells: 3/3 levels left

rFire   . . .      SeeInvis .    a - +0 shortbow
rCold   . . .      Faith    .    (shield currently unavailable)
rNeg    . . .      Spirit   .    (helmet restricted)
rPois   .          Reflect  .    (no amulet)
rElec   .          Harm     .    (no ring)
rCorr   .          Rampage  .    (no ring)
Will    .....                    (no ring)
Stlth   +++.......               (no ring)
HPRegen 0.09/turn                (no ring)
MPRegen 0.09/turn                (no ring)
                                 (no ring)
                                 (no ring)

@: lethally poisoned (0 -> -7)
A: almost no armour, amphibious, 8 rings, camouflage 1, gelatinous body 1,
(nimble swimmer 1), tentacles
a: no special abilities


You were on level 3 of the Dungeon.
You visited 1 branch of the dungeon, and saw 3 of its levels.

You collected 121 gold pieces.

Inventory:

Hand Weapons
 a - a +0 shortbow (weapon)
 m - a +0 sling
Jewellery
 i - a +6 ring of strength
Scrolls
 b - a scroll of immolation
 c - 3 scrolls of identify {unknown}
 e - 3 scrolls of enchant armour {unknown}
 f - 2 scrolls of amnesia {unknown}
 g - a scroll of teleportation {unknown}
 h - a scroll of poison {unknown}
 l - a scroll of vulnerability {unknown}
Potions
 d - a potion of lignification {unknown}
 j - a potion of berserk rage {unknown}
 k - a potion of ambrosia {unknown}


   Skills:
 - Level 2.0 Fighting
 + Level 5.8 Ranged Weapons
 - Level 2.0 Dodging
 - Level 1.3 Stealth


You had 3 spell levels left.
You didn't know any spells.
Your spell library was empty.

Dungeon Overview and Level Annotations

Branches:
Dungeon (3/15)

Altars:


Innate Abilities, Weirdness & Mutations

You cannot wear most types of armour.
You are amphibious.
You can wear up to eight rings at the same time.
Your skin changes colour to match your surroundings (Stealth+).
Your rubbery body absorbs attacks. (AC +1, EV +1)
((You are camouflaged when in or above water. (Stealth+)))
You have tentacles for arms and can constrict up to eight enemies at once.


Message History

You shoot an arrow. The arrow misses the adder.
The adder bites you.
You shoot an arrow. The arrow closely misses the adder.
The adder bites you.
You are poisoned.
The adder poisons you! The rat bites you. The adder barely misses you.
You shoot an arrow.
The arrow hits the adder but does no damage.
You feel sick. The adder misses you. The rat closely misses you.
The adder bites you.
You are too injured to fight recklessly!
You are too injured to fight recklessly!
You are too injured to fight recklessly!
Fire: a) +0 shortbow
Press: ? - help, Q - select action Shift-Dir - straight line, f/p - adder
Aim: an adder (46% to hit)
You shoot an arrow. The arrow hits the adder.
The adder is heavily wounded.
You feel sick. The rat bites you. The adder bites you.
The rat barely misses you.
Fire: a) +0 shortbow
Press: ? - help, Q - select action Shift-Dir - straight line, f/p - adder
Aim: an adder (heavily wounded, 46% to hit)
You shoot an arrow. The arrow misses the adder.
You feel sick. The adder bites you.
* * * LOW HITPOINT WARNING * * *
You are lethally poisoned!
The adder poisons you! The adder barely misses you. The rat barely misses you.
Fire: a) +0 shortbow
Press: ? - help, Q - select action Shift-Dir - straight line, f/p - adder
Aim: an adder (heavily wounded, 46% to hit)
You shoot an arrow. The arrow hits the adder!
You kill the adder!
* * * LOW HITPOINT WARNING * * *
You feel sick. The rat bites you.
* * * LOW HITPOINT WARNING * * *
Fire: a) +0 shortbow
Press: ? - help, Q - select action Shift-Dir - straight line, f - rat
Aim: a rat (63% to hit)
You shoot an arrow.
The arrow hits the rat but does no damage.
You die...

##### #...#
#...# #...#
#...# #...#
#...# #.@.#
#.r†#
.......
#.)..$..!.
#..#.##.....
#..#.. .....
#..... ....
##.### ####


You could see a rat.

Vanquished Creatures
  An adder (D:3)
  A worm (D:2)
  2 bats (D:1)
  3 endoplasms
  3 giant cockroaches
  6 goblins (D:2)
  10 hobgoblins
  11 jackals
  4 quokkas
  9 ball pythons
  3 frilled lizards
  3 kobolds
  3 rats
59 creatures vanquished.

Notes
Turn   | Place    | Note
-------+----------+-------------------------------------------
     0 | D:1      | jimonade the Octopode Hunter began the quest for the Orb.
     0 | D:1      | Reached XP level 1. HP: 14/14 MP: 1/1
   185 | D:1      | Reached XP level 2. HP: 19/19 MP: 2/2
   770 | D:1      | Reached XP level 3. HP: 24/24 MP: 3/3
   782 | D:1      | Reached skill level 5 in Ranged Weapons
  1603 | D:2      | Reached XP level 4. HP: 15/29 MP: 4/4
  2379 | D:3      | HP: 1/29 [rat (2)]
  2380 | D:3      | Succumbed to an adder's poison

Illustrated notes

Levels and vault maps discovered:
D:1:      evilmike_arrival_fibonacci_small, layout_basic,
          minmay_splitting_lines, minmay_pentomino_z2
D:2:      cheibrodos_greedy_goblins, layout_loops_ring, minmay_misc_feat_rows,
          minmay_curled_crystal, minmay_misc_feat_roman
D:3:      layout_basic, slow_altar_1, mainiacjoe_overflow_alcove_4,
          nicolae_ru_path_of_blood, basic_ecumenical_altar, uniq_jessica

Skill      XL: |  1  2  3 |
---------------+----------+-----
Ranged Weapons | 5 |  5.8
Fighting       | |  2.0
Dodging        | |  2.0
Stealth        | |  1.3

Action                   |  1- 3 |  4- 6 || total
-------------------------+-------+-------++-------
 Fire: Shortbow          |   123 |    42 ||   165
Armor: Skin              |     2 |     4 ||     6
Dodge: Dodged            |    54 |    17 ||    71

Table legend: (Time is in decaauts)
 A = Elapsed time spent in this place.
 B = Non-inter-level travel time spent in this place.
 C = Inter-level travel time spent in this place.
 D = Time resting spent in this place.
 E = Time spent auto-exploring this place.
 F = Levels seen in this place.
 G = Mean time per level.
                   A        B        C        D        E       F      G
               +--------+--------+--------+--------+--------+-----+--------+
         Total |   2420 |   2369 |     51 |    255 |   1815 |   3 |  806.7 |
       Dungeon |   2420 |   2369 |     51 |    255 |   1815 |   3 |  806.7 |
               +--------+--------+--------+--------+--------+-----+--------+

Top non-repeatable levels by time:
     D:2: 1369 daAuts
     D:1: 1036 daAuts
     D:3: 14 daAuts
